 Dungeon Crawl Stone Soup version 0.31-a0-182-gc5ef74bbde (webtiles) character file.

Game seed: 5346921339720888101

1677 BobG the Cleaver (level 9, 0/75 HPs)
             Began as a Hill Orc Fighter on June 20, 2023.
             Slain by a gnoll sergeant
             ... wielding a +1 heavy trident
              (11 damage)
             ... on level 6 of the Dungeon.
             The game lasted 00:11:27 (4715 turns).

BobG the Cleaver (Hill Orc Fighter)                 Turns: 4715, Time: 00:11:28

Health: 0/75       AC: 14    Str: 21    XL:     9   Next: 1%
Magic:  9/9        EV:  9    Int:  8    God:
Gold:   370        SH:  6    Dex: 18    Spells: 8/8 levels left

rFire   . . .        a - +0 war axe
rCold   . . .        c - +0 buckler
rNeg    . . .        v - +0 chain mail
rPois   .            (no helmet)
rElec   .            (no cloak)
rCorr   .            (no gloves)
SInv    .            (no boots)
Will    .....        (no amulet) Stlth
                     q - +6 ring of dexterity
HPRegen 0.32/turn    h - +4 ring of protection
MPRegen 0.11/turn

%: no passive effects
@: no status effects
A: no striking features
a: no special abilities


You were on level 6 of the Dungeon.
You visited 1 branch of the dungeon, and saw 6 of its levels.

You collected 370 gold pieces.

Inventory:

Hand Weapons
 a - a +0 war axe (weapon)
 F - a +2 scythe of venom
Missiles
 b - a throwing net
 k - 6 poisoned darts
Armour
 c - a +0 buckler (worn)
 v - a +0 chain mail (worn)
Magical Staves
 l - a staff of conjuration
 p - a staff of death
Jewellery
 h - a +4 ring of protection (right hand)
 q - a +6 ring of dexterity (left hand)
 s - a ring of flight
 t - a ring of fire
 w - a ring of see invisible
Wands
 y - a wand of light (13)
Scrolls
 e - a scroll of identify
 f - a scroll of fog {unknown}
 g - 2 scrolls of immolation {unknown}
 m - a scroll of blinking {unknown}
 x - 3 scrolls of teleportation {unknown}
 A - 2 scrolls of poison {unknown}
 B - 2 scrolls of revelation {unknown}
 D - a scroll of amnesia {unknown}
Potions
 d - 2 potions of might
 j - a potion of resistance
 n - 3 potions of curing
 o - a potion of attraction {unknown}
 r - a potion of enlightenment {unknown}
 u - a potion of heal wounds {unknown}
 z - a potion of lignification {unknown}
 C - a potion of ambrosia {unknown}
 E - 2 potions of magic


   Skills:
 + Level 6.1 Fighting
 + Level 9.8 Axes
 + Level 7.0 Armour
 + Level 2.0 Dodging
 + Level 0.8 Stealth
 + Level 5.0 Shields


You had 8 spell levels left.
You didn't know any spells.
Your spell library contained the following spells:

 Spells                   Type           Power      Damage    Failure   Level
 Blink                    Tloc           0%         N/A       99%         2
 Lesser Beckoning         Tloc           0%         N/A       99%         2
 Momentum Strike          Conj/Tloc      0%         3d8       99%         2
 Portal Projectile        Hex/Tloc       0%         N/A       100%        3
 Tukima's Dance           Hex            0%         N/A       100%        3
 Blade Hands              Tmut           0%         N/A       100%        5


Dungeon Overview and Level Annotations

Branches:
Dungeon (6/15)
 Temple: D:4-7

Altars:
Dithmenos
Nemelex Xobeh
Uskayaw


Message History

The gnoll hits you but does no damage.
The gnoll hits you from afar with a +0 halberd.
The gnoll sergeant hits you from afar with a +1 heavy trident!!
There is a stone staircase leading up, spattered with blood here.
The gnoll hits you with a +0 halberd. The gnoll hits you but does no damage.
The gnoll attacks as you move away! The gnoll hits you but does no damage.
The gnoll attacks as you move away! The gnoll hits you with a +0 halberd.
You block the gnoll sergeant's attack. The gnoll barely misses you.
The gnoll closely misses you.
There is a stone staircase leading up, spattered with blood here.
The gnoll closely misses you. The gnoll hits you but does no damage.
The gnoll sergeant hits you from afar with a +1 heavy trident!
You climb upwards.
There is a stone staircase leading down here.
You start resting.
HP restored.
You climb downwards.
The gnoll hits you from afar with a +0 halberd!
There is a stone staircase leading up, spattered with blood here.
The gnoll barely misses you.
The gnoll sergeant hits you with a +1 heavy trident.
You hit the gnoll sergeant but do no damage.
The gnoll hits you but does no damage.
You hit the gnoll sergeant but do no damage.
The gnoll barely misses you.
The gnoll sergeant hits you with a +1 heavy trident!!
You slash the gnoll sergeant!
The gnoll sergeant is moderately wounded.
The gnoll hits you from afar with a +0 halberd.
The gnoll hits you but does no damage.
The gnoll sergeant hits you with a +1 heavy trident!
You hit the gnoll sergeant but do no damage.
The gnoll sergeant is moderately wounded.
The gnoll hits you from afar with a +0 halberd.
* * * LOW HITPOINT WARNING * * *
The gnoll hits you from afar with a +0 halberd!
* * * LOW HITPOINT WARNING * * *
The gnoll sergeant attacks as you move away!
The gnoll sergeant hits you with a +1 heavy trident!
You die...

##########
###.<......#
#...@.g....#
+...g.g....#
#...#.######
#...#.#
#.###.# ##
#.# ... ..


You could see a gnoll sergeant and 2 gnolls.

Vanquished Creatures
  Pikel (D:5)
  Prince Ribbit (D:5)
  Sigmund (D:5)
  An ice beast (D:5)
  An ogre (D:4)
  A gnoll sergeant (D:4)
  A jelly (D:5)
  An orc priest (D:4)
  A sleepcap (D:4)
  2 hounds
  A gnoll bouda (D:4)
  3 iguanas
  5 orc wizards
  5 adders
  9 gnolls
  An ufetubus (D:4)
  2 worms (D:2)
  2 dart slugs
  16 orcs
  7 ball pythons
  5 endoplasms
  5 giant cockroaches
  8 goblins
  6 hobgoblins
  3 jackals (D:4)
  2 quokkas
  5 bats
  8 frilled lizards
  7 kobolds
  4 rats
115 creatures vanquished.

Notes
Turn   | Place    | Note
-------+----------+-------------------------------------------
     0 | D:1      | BobG the Hill Orc Fighter began the quest for the Orb.
     0 | D:1      | Reached XP level 1. HP: 19/19 MP: 1/1
    99 | D:1      | Reached skill level 3 in Axes
   126 | D:1      | Found a faded altar of an unknown god.
   131 | D:1      | Reached XP level 2. HP: 27/27 MP: 2/2
   558 | D:2      | Reached XP level 3. HP: 23/33 MP: 3/3
  1127 | D:2      | Reached XP level 4. HP: 40/40 MP: 4/4
  1678 | D:3      | Reached skill level 4 in Axes
  2010 | D:4      | Noticed an ogre
  2018 | D:4      | Killed an ogre
  2019 | D:4      | Reached skill level 5 in Axes
  2019 | D:4      | Reached XP level 5. HP: 16/46 MP: 5/5
  2282 | D:4      | Found a shadowy altar of Dithmenos.
  2326 | D:4      | Reached skill level 1 in Dodging
  2326 | D:4      | Reached XP level 6. HP: 52/52 MP: 6/6
  2338 | D:4      | Reached skill level 6 in Axes
  2662 | D:4      | Reached XP level 7. HP: 60/60 MP: 7/7
  2685 | D:4      | Found a sparkling altar of Nemelex Xobeh.
  2816 | D:5      | Entered Level 5 of the Dungeon
  2969 | D:5      | Reached skill level 7 in Axes
  3075 | D:5      | Reached skill level 5 in Armour
  3077 | D:5      | Reached skill level 5 in Fighting
  3543 | D:5      | Noticed Prince Ribbit
  3572 | D:5      | Killed Prince Ribbit
  3573 | D:5      | Reached skill level 8 in Axes
  3573 | D:5      | Reached XP level 8. HP: 6/69 MP: 8/8
  3904 | D:5      | Found a hide-covered altar of Uskayaw.
  4063 | D:5      | Noticed Sigmund
  4069 | D:5      | Killed Sigmund
  4224 | D:5      | Noticed Pikel
  4244 | D:5      | Killed Pikel
  4245 | D:5      | Reached skill level 9 in Axes
  4245 | D:5      | Reached skill level 5 in Shields
  4324 | D:5      | Reached XP level 9. HP: 72/75 MP: 9/9
  4715 | D:6      | Slain by a gnoll sergeant

Illustrated notes

Levels and vault maps discovered:
D:1:      dpeg_arrival_orchard, layout_rooms, dreamdust_ecumenical_altar_grove
D:2:      layout_loops_ring
D:3:      layout_basic
D:4:      layout_rooms, lemuel_doored_altar, lemuel_crystal_altar,
          minmay_bisected
D:5:      layout_loops_ring, eat_drink_and_be_merry_uskayaw, uniq_sigmund,
          uniq_prince_ribbit1, uniq_pikel
D:6:      layout_basic, pf_just_have_faith, gammafunk_ghost_stat_death,
          hellmonk_bongcloud_opening, hex_intersection

Skill      XL: |  1  2  3  4  5  6  7  8 |
---------------+-------------------------+-----
Axes           | 3 5 6 8 9 |  9.8
Armour         | 4 5 7 |  7.0
Fighting       | 4 5 6 |  6.1
Shields        | 4 5 |  5.0
Dodging        | 1 2 |  2.0
Stealth        | |  0.8

Action                     |  1- 3 |  4- 6 |  7- 9 || total
---------------------------+-------+-------+-------++-------
  Melee: War axe           |   107 |   141 |   135 ||   383
    Use: Scroll            |       |       |     4 ||     4
 Armour: Scale mail        |    71 |    24 |       ||    95
         Chain mail        |       |    71 |    67 ||   138
  Dodge: Dodged            |    75 |    62 |    58 ||   195
  Block: Buckler           |    31 |    44 |    48 ||   123

Table legend: (Time is in decaauts)
 A = Elapsed time spent in this place.
 B = Non-inter-level travel time spent in this place.
 C = Inter-level travel time spent in this place.
 D = Time resting spent in this place.
 E = Time spent auto-exploring this place.
 F = Levels seen in this place.
 G = Mean time per level.
                   A        B        C        D        E       F      G
               +--------+--------+--------+--------+--------+-----+--------+
         Total |   4816 |   4711 |    105 |   1365 |   2086 |   6 |  802.7 |
       Dungeon |   4816 |   4711 |    105 |   1365 |   2086 |   6 |  802.7 |
               +--------+--------+--------+--------+--------+-----+--------+

Top non-repeatable levels by time:
     D:5: 1344 daAuts
     D:4: 1253 daAuts
     D:3: 891 daAuts
     D:2: 749 daAuts
     D:1: 559 daAuts
     D:6: 17 daAuts
